 Dungeon Crawl Stone Soup version 0.29.1-12-g30fa7ad0bf (webtiles) character file.

Game seed: 10597719572827313724

36 growler the Shield-Bearer (level 3, -2/26 HPs)
             Began as a Demonspawn Wanderer on Jan 4, 2023.
             Succumbed to Ijyb's poison
             ... on level 2 of the Dungeon.
             The game lasted 00:03:15 (1412 turns).

growler the Shield-Bearer (Demonspawn Wanderer)     Turns: 1412, Time: 00:03:16

Health: -2/26      AC:  7    Str: 10    XL:     3   Next: 19%
Magic:  4/5        EV: 11    Int: 12    God:
Gold:   39         SH:  0    Dex: 17    Spells: 3/4 levels left

rFire   . . .      SeeInvis .   a - +0 dagger
rCold   . . .      Faith    .   e - +2 buckler
rNeg    . . .      Spirit   .   d - +0 robe
rPois   .          Reflect  .   (helmet restricted)
rElec   .          Harm     .   b - +0 cloak
rCorr   .          Rampage  .   (no gloves)
Will    .....                   (no boots)
Stlth   +.........              (no amulet)
HPRegen 0.08/turn               h - +4 ring of protection
MPRegen 0.09/turn               (no ring)

@: confused, lethally poisoned (-2 -> -20)
A: horns 1
a: no special abilities


You were on level 2 of the Dungeon.
You visited 1 branch of the dungeon, and saw 2 of its levels.

You collected 39 gold pieces.

Inventory:

Hand Weapons
 a - a +0 dagger (weapon)
Armour
 b - a +0 cloak (worn)
 d - a +0 robe (worn)
 e - a +2 buckler (worn)
Jewellery
 h - a +4 ring of protection (left hand)
Scrolls
 c - a scroll of vulnerability
 f - 2 scrolls of amnesia {unknown}
 g - 2 scrolls of teleportation {unknown}
 j - a scroll of magic mapping {unknown}
 l - 4 scrolls of identify {unknown}
Potions
 i - a potion of mutation {unknown}
 k - a potion of curing {unknown}


   Skills:
 + Level 1.4 Fighting
 + Level 1.4 Dodging
 + Level 2.2 Stealth
 + Level 3.7 Shields
 + Level 1.4 Spellcasting
 + Level 1.3 Fire Magic


You had 3 spell levels left.
You knew the following spells:

 Your Spells              Type           Power      Damage    Failure   Level
a - Foxfire               Conj/Fire      8%         2x1d4     28%         1

Your spell library contained the following spells:

 Spells                   Type           Power      Damage    Failure   Level
 Inner Flame              Hex/Fire       2%         N/A       65%         3


Dungeon Overview and Level Annotations

Branches:
Dungeon (2/15)

Altars:

Annotations:
D:2 Ijyb


Innate Abilities, Weirdness & Mutations

You have a pair of small horns on your head.


Message History

Unknown command.
You feel sick.
Ijyb zaps a wand.
You resist with significant effort.
You feel sick.
You feel sick.
Casting: Foxfire (safe; 28% risk of failure)
Confirm with . or Enter, or press ? or * to list all spells.
You miscast Foxfire.
You are very lightly contaminated with residual magic.
Nothing appears to happen.
You feel sick.
Unknown command.
Casting: Foxfire (safe; 28% risk of failure)
Confirm with . or Enter, or press ? or * to list all spells.
You conjure some foxfire!
You feel sick. You block Ijyb's attack.
Unknown command.
You feel sick.
The foxfire hits Ijyb but does no damage. x2
You closely miss Ijyb.
You feel sick. Ijyb closely misses you.
You hit Ijyb but do no damage.
You feel sick.
You are no longer poisoned.
You block the goblin's attack. You block Ijyb's attack.
You barely miss Ijyb. You block the goblin's attack.
Ijyb hits you but does no damage.
You are poisoned.
Ijyb zaps a wand.
You resist with significant effort. You block the goblin's attack.
You barely miss Ijyb. Your headbutt misses Ijyb.
You feel sick. The goblin misses you.
Ijyb zaps a wand.
You resist with significant effort.
Your magical contamination has completely faded away.
You hit Ijyb but do no damage.
You feel sick. The goblin hits you but does no damage.
Ijyb hits you but does no damage.
You are lethally poisoned!
You hit Ijyb but do no damage.
* * * LOW HITPOINT WARNING * * *
You feel sick. You block the goblin's attack.
Ijyb zaps a wand.
Your will is overpowered!
You are confused.
* * * LOW HITPOINT WARNING * * *
You feel very sick. Ijyb attacks as you move away!
Ijyb hits you but does no damage.
You are more poisoned.
You die...

#.# ##########.# #)#
#.# ##'## #.# ##...##
##.# ##.....## ###..#
##.......## ##.#.##
#....gg...####..†.#####
+.........'............
#.....@..)####....#####
##.......## ##.#..#
##.....## ####.#
##...## #.# ##+## #.#
#.# #.# #.# #.#


You could see Ijyb and a goblin.

Vanquished Creatures
  An adder (D:2)
  A dart slug (D:1)
  A giant cockroach (D:1)
  3 goblins
  A hobgoblin (D:1)
  4 jackals (D:1)
  A ball python (D:1)
  2 bats (D:2)
  2 frilled lizards (D:1)
  5 kobolds
  3 rats (D:1)
  A toadstool (D:1)
25 creatures vanquished.

Vanquished Creatures (others)
  5 foxfires
  3 toadstools (D:1)
8 creatures vanquished.

Grand Total: 33 creatures vanquished

Notes
Turn   | Place    | Note
-------+----------+-------------------------------------------
     0 | D:1      | growler the Demonspawn Wanderer began the quest for the
                  | Orb.
     0 | D:1      | growler set off with the following items: a +0 dagger, a +0
                  | cloak, a scroll of vulnerability, a +0 robe, a +2 buckler;
                  | and the following spell memorised: Foxfire; and the
                  | following spells available to memorise: Inner Flame.
     0 | D:1      | Reached XP level 1. HP: 15/15 MP: 2/2
   361 | D:1      | Gained mutation: You have a pair of small horns on your
                  | head. [demonic ancestry]
   361 | D:1      | Reached XP level 2. HP: 19/21 MP: 1/3
  1324 | D:2      | Reached XP level 3. HP: 26/26 MP: 5/5
  1376 | D:2      | Noticed Ijyb
  1412 | D:2      | Succumbed to Ijyb's poison

Illustrated notes

Levels and vault maps discovered:
D:1:      ldierk_water_garden, layout_loops_ring, dreamdust_mushroom_princess,
          minmay_misc_feat_nine_boxes
D:2:      kennysheep_the_goblin_king, layout_loops_corners,
          kennysheep_cross_room

Skill      XL: |  1 |
---------------+----+-----
Stealth        | 2 |  2.2
Fighting       | |  1.4
Dodging        | |  1.4
Shields        | |  3.7
Spellcasting   | |  1.4
Fire Magic     | |  1.3

Action                   || total
-------------------------++-------
Melee: Dagger            ||    90
       Headbutt          ||     9
 Cast: Foxfire           ||     3
 Stab: Sleeping          ||     8
Armor: Robe              ||    24
Dodge: Dodged            ||    30
Block: Buckler           ||    39
